 Dungeon Crawl Stone Soup version 0.28.0-53-g5a82cb258f (webtiles) character file.

Game seed: 8951573847057340083

3494 Jerry the Cudgeller (level 9, 0/88 HPs)
             Began as a Troll Hunter on June 23, 2022.
             Was an Initiate of Okawaru.
             Slain by a skeletal warrior
             ... wielding a +0 flail
              (22 damage)
             ... on level 7 of the Dungeon.
             The game lasted 00:27:28 (6626 turns).

Jerry the Cudgeller (Troll Hunter)                  Turns: 6626, Time: 00:27:29

Health: 0/88       AC:  9    Str: 22    XL:     9   Next: 80%
Magic:  8/8        EV: 16    Int:  7    God:    Okawaru [......]
Gold:   151        SH:  0    Dex: 14    Spells: 8/8 levels left

rFire   + . .      SeeInvis .   u - +9 spear "Ixoimm" {freeze, rC+}
rCold   + + .      Faith    .   (no shield)
rNeg    . . .      Spirit   .   s - +1 robe {rC+ rF+}
rPois   .          Reflect  .   (helmet restricted)
rElec   .          Harm     .   b - scarf {repulsion}
rCorr   .          Rampage  .   (gloves unavailable)
Will    .....                   (boots unavailable)
Stlth   +.........              (no amulet)
HPRegen 1.04/turn               l - +4 ring of evasion
MPRegen 0.11/turn               E - +4 ring of protection

@: hasted and slowed, repel missiles
A: large, unfitting armour, claws 3, regeneration 1, shaggy fur 1, tough skin 1
a: Renounce Religion


You were on level 7 of the Dungeon.
You worshipped Okawaru.
Okawaru was noncommittal.
You visited 2 branches of the dungeon, and saw 8 of its levels.

You collected 319 gold pieces.
You spent 168 gold pieces at shops.

Inventory:

Hand Weapons
 g - a +0 whip
 q - a +0 arbalest
 u - the +9 spear "Ixoimm" (weapon) {freeze, rC+}
   (You found it on level 3 of the Dungeon)

   It freezes those it strikes, dealing additional cold damage.
   It can also slow down cold-blooded creatures.
   rC:        It protects you from cold.
 z - a +1 giant spiked club of flaming
Missiles
 d - 17 throwing nets
 p - 57 bolts
 H - 8 large rocks (quivered)
Armour
 b - a scarf of repulsion (worn)
 s - a +1 robe of resistance (worn)
 w - a +0 kite shield
Jewellery
 l - a +4 ring of evasion (left claw)
 E - a +4 ring of protection (right claw)
Wands
 c - a wand of iceblast (1)
 C - a wand of flame (18)
 I - a wand of mindburst (11)
Scrolls
 a - 3 scrolls of enchant weapon
 m - a scroll of identify
 o - a scroll of amnesia
 D - a scroll of summoning
Potions
 e - 3 potions of brilliance
 f - a potion of curing
 h - 2 potions of mutation
 i - a potion of heal wounds
 k - 3 potions of haste
 n - 4 potions of ambrosia
 r - a potion of invisibility
 t - 3 potions of cancellation {unknown}
 x - 2 potions of berserk rage {unknown}
 F - a potion of degeneration {unknown}


   Skills:
 + Level 5.4 Fighting
 * Level 7.9 Maces & Flails
 + Level 6.8 Throwing
 + Level 5.4 Dodging
 - Level 0.3 Stealth
 + Level 1.2 Invocations


You had 8 spell levels left.
You didn't know any spells.
Your spell library contained the following spells:

 Spells                   Type           Power      Damage    Failure   Level
 Apportation              Tloc           0%         N/A       43%         1
 Freeze                   Ice            0%         1d3       43%         1
 Shock                    Conj/Air       0%         1d3       43%         1
 Corpse Rot               Necr/Air       0%         N/A       56%         2
 Poisonous Vapours        Pois/Air       0%         N/A       56%         2
 Sublimation of Blood     Necr           0%         N/A       56%         2
 Wereblood                Tmut           0%         N/A       56%         2
 Frozen Ramparts          Ice            0%         1d2       80%         3
 Gell's Gravitas          Tloc           0%         N/A       80%         3
 Lesser Beckoning         Tloc           0%         N/A       80%         3
 Ozocubu's Armour         Ice            0%         N/A       80%         3
 Teleport Other           Tloc           0%         N/A       80%         3
 Hailstorm                Conj/Ice       0%         3d3       99%         4
 Freezing Cloud           Conj/Ice/Air   0%         6-21      100%        5
 Metabolic Englaciation   Hex/Ice        0%         N/A       100%        5
 Borgnjor's Revivificati  Necr           0%         N/A       100%        8
 Animate Skeleton         Necr           Unusable   N/A       N/A         1
 Summon Small Mammal      Summ           Unusable   N/A       N/A         1
 Simulacrum               Ice/Necr       Unusable   N/A       N/A         6
 Summon Hydra             Summ           Unusable   N/A       N/A         7

Dungeon Overview and Level Annotations

Branches:
Dungeon (7/15)             Temple (1/1) D:7

Altars:
Ashenzari
Cheibriados
Dithmenos
Elyvilon
Gozag
Hepliaklqana
Kikubaaqudgha
Makhleb
Nemelex Xobeh
Okawaru
Qazlal
Ru
Trog
Uskayaw
Vehumet
Wu Jian
Xom
Yredelemnul
Zin
The Shining One

Shops:
D:5 [   D:7 *

Annotations:
D:6 1 runed translucent door, CInkIbrahim's ghost, novice GrFi


Innate Abilities, Weirdness & Mutations

You are too large for most types of armour.
You have claws for hands.
Your natural rate of healing is unusually fast.
You are covered in fur. (AC +1)
You have tough skin. (AC +1)


Message History

You puncture the centaur zombie!
The centaur zombie is almost destroyed.
The centaur zombie hits you.
The centaur zombie kicks you but does no damage.
The centaur zombie hits you but does no damage.
The centaur zombie closely misses you.
You hit the centaur zombie.
The centaur zombie is almost destroyed.
The centaur zombie barely misses you. x2; The centaur zombie misses you.
The centaur zombie kicks you.
You hit the centaur zombie.
You destroy the centaur zombie!
Okawaru accepts your kill.
No target in view!
No target in view!
No target in view!
No target in view!
No target in view!
No target in view!
No target in view!
No target in view!
No target in view!
No target in view!
No target in view!
A skeletal warrior comes into view. It is wielding a +0 flail.
The skeletal warrior barely misses you.
You see here the +5 scythe "Finisher" {speed, eviscerate}.
You hit the skeletal warrior. You freeze the skeletal warrior.
The skeletal warrior is lightly damaged.
The skeletal warrior hits you with a +0 flail! x2
The skeletal warrior hits you with a +0 flail!
The skeletal warrior hits you with a +0 flail!!
Okay, then.
You feel yourself speed up.
The skeletal warrior hits you with a +0 flail!
* * * LOW HITPOINT WARNING * * *
Found a scroll of enchant armour.
Found a scroll labelled SILACI AMETSOG.
The skeletal warrior hits you with a +0 flail!!
You die...

.......... .......
.......... .........
.......... ........###
.......... #........
........... #.....?..
..........## #.......
..........#
..#......###............##
.?.#......@................
.....#....z###.#####....##..
...........#.# # #....##..
.............#.## #........
.................###....###.
................(#........#.
..........................#.
..........................#.
.#####.#.###.............#.


You could see a skeletal warrior.

Vanquished Creatures
  Sigmund (D:5)
  Eustachio (D:5)
  3 wraiths (D:7)
  A steam dragon (D:6)
  A sky beast (D:7)
  3 black bears
  A necrophage (D:6)
  3 ogres
  A phantom (D:4)
  A bullfrog (D:6)
  A wyvern zombie (D:5)
  4 gnoll sergeants
  2 scorpions
  A howler monkey (D:5)
  2 jellies
  2 bullfrog zombies (D:5)
  2 centaur zombies
  10 hounds
  A bullfrog skeleton (D:7)
  A centaur skeleton (D:6)
  An orc priest (D:3)
  3 gnoll shamans
  Crazy Yiuf (D:5)
  Ijyb (D:3)
  2 iguanas (D:4)
  An orc wizard (D:3)
  A hound zombie (D:5)
  2 hound skeletons (D:4)
  Robin (D:3)
  5 adders
  38 gnolls
  An ufetubus (D:4)
  A worm (D:2)
  10 orcs
  6 ball pythons
  6 endoplasms
  5 giant cockroaches
  13 goblins
  8 hobgoblins
  7 jackals (D:5)
  A quokka (D:3)
  5 bats
  2 frilled lizards
  2 kobolds
  2 rats
167 creatures vanquished.

Vanquished Creatures (others)
  A gnoll (D:6)
  A plant (D:3)
2 creatures vanquished.

Grand Total: 169 creatures vanquished

Notes
Turn   | Place    | Note
-------+----------+-------------------------------------------
     0 | D:1      | Jerry the Troll Hunter began the quest for the Orb.
     0 | D:1      | Reached XP level 1. HP: 19/19 MP: 0/0
   103 | D:1      | Found a faded altar of an unknown god.
   271 | D:1      | Reached XP level 2. HP: 28/28 MP: 1/1
  1057 | D:2      | Reached XP level 3. HP: 35/35 MP: 2/2
  1064 | D:2      | Reached skill level 1 in Maces & Flails
  1928 | D:3      | Reached XP level 4. HP: 34/42 MP: 3/3
  1970 | D:3      | Reached skill level 2 in Maces & Flails
  2021 | D:3      | Noticed Ijyb
  2038 | D:3      | Killed Ijyb
  2159 | D:3      | Reached XP level 5. HP: 50/50 MP: 4/4
  2183 | D:3      | Noticed Robin
  2190 | D:3      | Killed Robin
  2303 | D:3      | Identified the +9 spear "Ixoimm" {freeze, rC+}
  3122 | D:4      | Noticed an ogre
  3124 | D:4      | Killed an ogre
  3125 | D:4      | Reached skill level 3 in Maces & Flails
  3125 | D:4      | Reached XP level 6. HP: 59/59 MP: 5/5
  3445 | D:5      | Entered Level 5 of the Dungeon
  3456 | D:5      | Noticed Eustachio
  3458 | D:5      | Killed Eustachio
  3459 | D:5      | Reached skill level 4 in Maces & Flails
  3459 | D:5      | Reached XP level 7. HP: 67/67 MP: 6/6
  3717 | D:4      | Reached skill level 5 in Throwing
  3987 | D:5      | Reached skill level 5 in Maces & Flails
  4002 | D:5      | Reached XP level 8. HP: 78/78 MP: 7/7
  4144 | D:5      | Noticed Sigmund
  4240 | D:5      | Found a runed translucent door.
  4241 | D:5      | Noticed Crazy Yiuf
  4246 | D:5      | Killed Crazy Yiuf
  4413 | D:5      | Got Osexitel's Compendium of the Lethal Birds
  4448 | D:5      | Reached skill level 6 in Maces & Flails
  4801 | D:5      | Found Tapug's Armour Shop.
  4822 | D:5      | Killed Sigmund
  4823 | D:5      | Reached XP level 9. HP: 70/85 MP: 8/8
  4854 | D:5      | Bought a scarf of repulsion for 168 gold pieces
  5238 | D:6      | Reached skill level 7 in Maces & Flails
  5258 | D:6      | Reached skill level 5 in Dodging
  5377 | D:6      | Reached skill level 5 in Fighting
  5381 | D:6      | Found a runed translucent door.
  5381 | D:6      | Noticed CInkIbrahim's ghost (novice GrFi)
  6118 | D:7      | Found Cijat's Assorted Antiques.
  6224 | D:7      | Found a staircase to the Ecumenical Temple.
  6256 | Temple   | Entered the Ecumenical Temple
  6307 | Temple   | Became a worshipper of Warmaster Okawaru
  6584 | D:7      | Reached skill level 1 in Invocations
  6600 | D:7      | Found the +5 scythe "Finisher" {speed, eviscerate}
  6611 | D:7      | Noticed a skeletal warrior
  6626 | D:7      | Slain by a skeletal warrior

Illustrated notes

Levels and vault maps discovered:
D:1:      dpeg_arrival_prison, layout_basic,
          shapermc_ecumenical_altar_mp_urbaneastern
D:2:      layout_loops_corners, hangedman_decor_clover_reticule,
          corexii_corridor_pit
D:3:      corexii_shack_village, layout_basic, uniq_robin, uniq_ijyb
D:4:      layout_loops_corners, chequers_ossuary_entry_cave, minivault_14
D:5:      layout_cave_pools, serial_gnoll_camp, gnoll_camp_huts_moat,
          gnoll_camp_medium_02, gnoll_camp_mini_doghouse, gnoll_camp_mini_hut,
          gnoll_camp_mini_shop, gnoll_camp_mini_loothouse,
          corexii_item_surrounded_by_moat, uniq_sigmund,
          uniq_crazy_yiuf_cottage, uniq_eustachio
D:6:      layout_basic, nicolae_overflow_hidden_temple,
          hellmonk_ghost_happy_afterlife
D:7:      layout_basic, minmay_temple_entry_offerings, serial_shops,
          nicolae_shop_waterfront, minmay_guarded_unrand_finisher
Temple:   regret_index_temple_chain_breaker

Skill      XL: |  1  2  3  4  5  6  7  8  9 |
---------------+----------------------------+-----
Dodging        | 2 3 4 5 |  5.4
Fighting       | 2 3 4 5 |  5.4
Maces & Flails | 1 2 3 4 5 6 7 |  7.9
Throwing       | 4 5 6 |  6.8
Invocations    | 1 |  1.2
Stealth        | |  0.3

Action                   |  1- 3 |  4- 6 |  7- 9 || total
-------------------------+-------+-------+-------++-------
Melee: Short sword       |    27 |       |       ||    27
       Punch             |     1 |     2 |     2 ||     5
       Whip              |    66 |    85 |       ||   151
       Spear             |       |    39 |   361 ||   400
 Fire: Arbalest          |     9 |     6 |       ||    15
Throw: Large rock        |    10 |     7 |     3 ||    20
       Throwing net      |       |     2 |     3 ||     5
  Use: Scroll            |       |       |    16 ||    16
       Potion            |       |       |     1 ||     1
 Stab: Sleeping          |     4 |     1 |     2 ||     7
       Held in net/web   |       |     1 |       ||     1
Armor: Robe              |    27 |    27 |    91 ||   145
Dodge: Dodged            |    57 |    63 |   387 ||   507
       Repelled          |       |       |     1 ||     1
